 Dungeon Crawl Stone Soup version 0.30.0-19-g36f170ea60 (webtiles) character file.

Game seed: 11100658581141554977

354 melkoren the Chopper (level 6, -4/84 HPs)
             Began as a Minotaur Berserker on May 27, 2023.
             Was a Priest of Trog.
             Slain by an ogre
             ... wielding a +0 giant club
              (13 damage)
             ... on level 5 of the Dungeon.
             The game lasted 00:10:01 (4444 turns).

melkoren the Chopper (Minotaur Berserker)           Turns: 4444, Time: 00:10:01

Health: -4/84      AC: 11    Str: 21    XL:     6   Next: 35%
Magic:  5/5        EV:  7    Int:  4    God:    Trog [***...]
Gold:   272        SH:  0    Dex: 12    Spells: 5/5 levels left

rFire   + . .        a - +0 hand axe
rCold   . . .        (no shield)
rNeg    . . .        c - +0 plate armour
rPois   .            (helmet restricted)
rElec   .            (no cloak)
rCorr   .            (no gloves)
SInv    .            (no boots)
Will    .....        (no amulet) Stlth
                     d - ring of protection from fire
HPRegen 0.34/turn    (no ring)
MPRegen 0.09/turn

%: no passive effects
@: berserking, very quick
A: horns 2, retaliatory headbutt
a: Renounce Religion, Berserk, Trog's Hand


You were on level 5 of the Dungeon.
You worshipped Trog.
Trog was most pleased with you.
You visited 1 branch of the dungeon, and saw 5 of its levels.
You also visited: Sewer.

You collected 272 gold pieces.

Inventory:

Hand Weapons
 a - a +0 hand axe (weapon)
Armour
 b - a +0 animal skin
 c - a +0 plate armour (worn)
Jewellery
 d - a ring of protection from fire (left hand)
 g - a ring of ice
Scrolls
 h - 3 scrolls of teleportation
 i - a scroll of blinking
 l - 2 scrolls of identify
 m - a scroll of immolation {unknown}
 n - a scroll of enchant weapon {unknown}
 p - a scroll of poison {unknown}
 q - a scroll of enchant armour {unknown}
Potions
 e - 2 potions of attraction
 f - a potion of curing
 j - a potion of haste
 o - a potion of berserk rage
Miscellaneous
 k - a box of beasts


   Skills:
 + Level 5.1 Fighting
 * Level 6.1 Axes
 + Level 4.1 Armour
 + Level 3.9 Dodging


You had 5 spell levels left.
You didn't know any spells.
Your spell library was empty.

Dungeon Overview and Level Annotations

Branches:
Dungeon (5/15)              Sewer (visited)
 Temple: D:4-7

Altars:


Innate Abilities, Weirdness & Mutations

You have a pair of horns on your head.
You reflexively headbutt those who attack you in melee.


Message History

The dart slug bites you but does no damage.
You hit the dart slug.
The dart slug is heavily wounded.
You hit the dart slug but do no damage.
The dart slug is heavily wounded.
The dart slug bites you but does no damage.
You slash the dart slug!
You kill the dart slug!
Trog accepts your kill.
No target in view!
Found an escape hatch in the ceiling.
Found a stone staircase leading down.
A shadow imp comes into view.
The shadow imp shouts!
The shadow imp puffs mist at you. The shadow imp gestures at you.
Pain shoots through your body!
You closely miss the shadow imp. The shadow imp barely misses you.
You barely miss the shadow imp. You headbutt the shadow imp!
The shadow imp is almost dead.
The shadow imp hits you.
You hit the shadow imp.
You kill the shadow imp!
Trog accepts your kill.
No target in view!
HP restored.
Found a stone staircase leading up.
An ogre comes into view. It is wielding a +0 giant club.
The ogre hits you with a +0 giant club!!
You slash the ogre!
The ogre is moderately wounded.
You slash the ogre!
The ogre is severely wounded.
The ogre hits you with a +0 giant club!!
Ouch! That really hurt!
* * * LOW HITPOINT WARNING * * *
A red film seems to cover your vision as you go berserk!
You feel yourself moving faster!
You feel mighty! The ogre hits you with a +0 giant club!
You die...

..... #....
............... #....
...............
........................
........................
........................
...>....................
................O.......
##..............@.......
##...................#..
##................###...
#..###..####....### #
#.## ##..###...## ..#
##..##...#### .##
##.........# .#
#........... .#
#........<..#


You could see an ogre.

Vanquished Creatures
  2 bullfrogs (Sewer)
  9 adders
  A shadow imp (D:5)
  4 dart slugs
  An orc (D:3)
  7 ball pythons
  3 bats
  16 endoplasms
  14 giant cockroaches
  3 hobgoblins
  8 jackals
  16 quokkas
  11 frilled lizards
  6 goblins
  7 kobolds
  6 rats
114 creatures vanquished.

Notes
Turn   | Place    | Note
-------+----------+-------------------------------------------
     0 | D:1      | melkoren the Minotaur Berserker began the quest for the
                  | Orb.
     0 | D:1      | Reached XP level 1. HP: 19/19 MP: 0/0
   349 | D:1      | Reached XP level 2. HP: 27/27 MP: 1/1
   398 | D:1      | Reached skill level 4 in Axes
   669 | D:2      | Reached XP level 3. HP: 33/33 MP: 2/2
   876 | D:2      | Reached ** piety under Trog
  1000 | D:2      | Reached XP level 4. HP: 40/40 MP: 3/3
  1265 | D:3      | Found a glowing drain.
  1374 | Sewer    | Entered a sewer
  1554 | Sewer    | Reached skill level 5 in Axes
  2167 | Sewer    | Reached XP level 5. HP: 42/47 MP: 4/4
  2453 | Sewer    | Reached *** piety under Trog
  2455 | Sewer    | Reached skill level 5 in Fighting
  2455 | Sewer    | Reached XP level 6. HP: 42/56 MP: 5/5
  2705 | D:3      | Reached skill level 6 in Axes
  4317 | D:5      | Entered Level 5 of the Dungeon
  4444 | D:5      | Slain by an ogre

Illustrated notes

Levels and vault maps discovered:
D:1:      lemuel_arrival_behind_the_door_large, layout_loops_cross
D:2:      layout_loops_ring
D:3:      layout_loops_cross, portal_sewer_entry_f
D:4:      layout_basic
D:5:      layout_layer_cave, temple_fountains, lemuel_flame_loot_1

Skill      XL: |  1  2  3  4  5  6 |
---------------+-------------------+-----
Axes           | 4 5 6 |  6.1
Fighting       | 4 5 |  5.1
Armour         | 3 4 |  4.1
Dodging        | 3 |  3.9

Action                     |  1- 3 |  4- 6 || total
---------------------------+-------+-------++-------
  Melee: Hand axe          |    60 |   195 ||   255
         Headbutt          |     9 |    31 ||    40
 Invoke: Berserk           |       |     1 ||     1
    Use: Potion            |     1 |     6 ||     7
         Scroll            |     1 |     3 ||     4
 Armour: Plate armour      |    31 |   134 ||   165
  Dodge: Dodged            |    18 |    74 ||    92
